 Dungeon Crawl Stone Soup version 0.30-a0-627-gc11e7ae810 (console) character file.

Game seed: 3529049687922073539

91 Ignak the Sneak (level 4, -4/28 HPs)
             Began as an Octopode Enchanter on Jan 12, 2023.
             Slain by a gnoll
             ... wielding a +0 halberd
              (7 damage)
             ... on level 3 of the Dungeon.
             The game lasted 00:04:28 (1945 turns).

Ignak the Sneak (Octopode Enchanter)                Turns: 1945, Time: 00:04:29

Health: -4/28      AC:  3    Str:  7    XL:     4   Next: 57%
Magic:  5/7        EV:  7    Int: 23    God:
Gold:   104        SH:  0    Dex: 14    Spells: 0/7 levels left

rFire   . . .      SeeInvis .    a - +1 dagger
rCold   . . .      Faith    .    (no shield)
rNeg    . . .      Spirit   .    e - +2 hat
rPois   .          Reflect  .    (no amulet)
rElec   .          Harm     .    i - +6 ring of intelligence
rCorr   .          Rampage  .    (no ring)
Will    .....                    (no ring)
Stlth   ++++                     (no ring)
HPRegen 0.24/turn                (no ring)
MPRegen 0.10/turn                (no ring)
                                 (no ring)
                                 (no ring)

@: held, invisible
A: almost no armour, amphibious, 8 rings, camouflage 1, gelatinous body 1,
(nimble swimmer 1), tentacles
a: no special abilities


You were on level 3 of the Dungeon.
You visited 1 branch of the dungeon, and saw 3 of its levels.

You collected 104 gold pieces.

Inventory:

Hand Weapons
 a - a +1 dagger (weapon)
Armour
 e - a +2 hat (worn)
 h - an orb of energy
Jewellery
 i - a +6 ring of intelligence (left tentacle)
Scrolls
 c - 4 scrolls of identify {unknown}
 g - a scroll of vulnerability {unknown}
Potions
 b - a potion of invisibility
 d - 2 potions of curing {unknown}
 f - 3 potions of mutation {unknown}
 j - a potion of attraction {unknown}


   Skills:
 + Level 1.3 Fighting
 + Level 1.8 Short Blades
 + Level 2.5 Dodging
 + Level 4.6 Stealth
 - Level 1.0 Unarmed Combat
 + Level 2.4 Spellcasting
 + Level 3.3 Hexes


You couldn't memorise any spells.
You knew the following spells:

 Your Spells              Type           Power      Damage    Failure   Level
a - Confusing Touch       Hex            18%        N/A       10%         3
c - Ensorcelled Hibernat  Hex/Ice        20%        N/A       10%         2
t - Passwall              Tmut/Erth      1%         N/A       19%         2

Your spell library contained the following spells:

 Spells                   Type           Power      Damage    Failure   Level
 Tukima's Dance           Hex            18%        N/A       10%         3
 Dazzling Flash           Conj/Hex       20%        N/A       19%         3
 Portal Projectile        Hex/Tloc       20%        N/A       19%         3
 Swiftness                Air            2%         N/A       36%         3
 Blade Hands              Tmut           1%         N/A       98%         5


Dungeon Overview and Level Annotations

Branches:
Dungeon (3/15)

Altars:
Ashenzari

Shops:
D:3 [(


Innate Abilities, Weirdness & Mutations

You cannot wear most types of armour.
You are amphibious.
You can wear up to eight rings at the same time.
Your skin changes colour to match your surroundings (Stealth+).
Your rubbery body absorbs attacks. (AC +1, EV +1)
((You are camouflaged when in or above water. (Stealth+)))
You have tentacles for arms and can constrict up to eight enemies at once.


Message History

You now have 104 gold pieces (gained 10).
There is an entrance to Ohah's Armour Shop here. 2 gnolls come into view.
A gnoll comes into view. It is wielding a +0 halberd.
Found a stone staircase leading up.
The gnoll shouts! x3
The gnoll hits you with a +0 halberd! The gnoll hits you but does no damage.
You closely miss the gnoll. You grab the gnoll.
You constrict the gnoll, but do no damage.
The gnoll barely misses you. x2
You release your grip on the gnoll.
The gnoll throws a throwing net.
The throwing net hits you.
You become entangled in the net!
The gnoll hits you from afar with a +0 halberd.
You see here a throwing net.
Casting: Ensorcelled Hibernation (safe; 10% risk of failure)
Confirm with . or Enter, or press ? or * to list all spells.
Aiming: Ensorcelled Hibernation (safe; 10% risk of failure)
Press: ? - help, Shift-Dir - straight line, f - gnoll
Aim: a gnoll, wielding a +0 halberd (chance to affect: 52%)
Okay, then.
You fade into invisibility!
The gnoll hits you from afar with a +0 halberd!
* * * LOW HITPOINT WARNING * * *
The gnoll barely misses you.
You struggle against the net.
The gnoll hits you from afar with a +0 halberd.
* * * LOW HITPOINT WARNING * * *
The gnoll closely misses you.
Casting: Ensorcelled Hibernation (safe; 10% risk of failure)
Confirm with . or Enter, or press ? or * to list all spells.
Okay, then.
Unknown command.
Casting: Ensorcelled Hibernation (safe; 10% risk of failure)
Confirm with . or Enter, or press ? or * to list all spells.
Aiming: Ensorcelled Hibernation (safe; 10% risk of failure)
Press: ? - help, Shift-Dir - straight line, f - gnoll
Aim: a gnoll, wielding a +0 halberd (unable to see you, chance to affect: 52%)
The gnoll looks drowsy...
The gnoll hits you from afar with a +0 halberd!
You die...

#...### #.∩.#######.###....
###...####..##...........###
#.#.##.......##.########
#.#.............
#........####.... #........#
##.# #........###...#
#............#
####÷####.##@####
#...÷.[.#.##.#
#.......#..gg#
#.......#..#g#
#.....|.#.##.# #########.
#.. # ###


You could see 3 gnolls.

Vanquished Creatures
  3 adders
  3 worms
  A dart slug (D:1)
  5 orcs
  2 endoplasms
  3 giant cockroaches
  4 goblins (D:1)
  2 hobgoblins
  8 jackals
  A quokka (D:1)
  3 ball pythons
  2 bats
  5 frilled lizards
  A kobold (D:2)
  4 rats
47 creatures vanquished.

Notes
Turn   | Place    | Note
-------+----------+-------------------------------------------
     0 | D:1      | Ignak the Octopode Enchanter began the quest for the Orb.
     0 | D:1      | Reached XP level 1. HP: 11/11 MP: 3/3
   133 | D:1      | Reached XP level 2. HP: 17/17 MP: 5/5
   141 | D:1      | Learned a level 2 spell: Ensorcelled Hibernation
   144 | D:1      | Learned a level 2 spell: Passwall
   398 | D:1      | Reached XP level 3. HP: 22/22 MP: 6/6
   576 | D:2      | Found a broken altar of Ashenzari.
   934 | D:2      | Reached skill level 1 in Unarmed Combat
   955 | D:2      | Found a faded altar of an unknown god.
  1250 | D:2      | Reached skill level 1 in Fighting
  1250 | D:2      | Reached XP level 4. HP: 27/28 MP: 4/7
  1328 | D:2      | Learned a level 3 spell: Confusing Touch
  1727 | D:3      | Found Ixtitaeqa's Weapon Boutique.
  1909 | D:3      | Found Ohah's Armour Shop.
  1945 | D:3      | Slain by a gnoll

Illustrated notes

Levels and vault maps discovered:
D:1:      dpeg_arrival_fog, layout_rooms
D:2:      layout_basic, basic_altar, hellmonk_ecumenical_altar_defaced_shrine,
          ebering_dispersal_statue_hall, kennysheep_another_room,
          grunt_ministairs_1
D:3:      layout_rooms, serial_shops, shop, nicolae_shop_statue_plus,
          nicolae_shop_statue_plus, nicolae_square_shop,
          gammafunk_ghost_cemetery

Skill      XL: |  1  2  3 |
---------------+----------+-----
Unarmed Combat | 1 |  1.0
Fighting       | 1 |  1.3
Short Blades   | |  1.8
Dodging        | |  2.5
Stealth        | |  4.6
Spellcasting   | |  2.4
Hexes          | |  3.3

Action                   |  1- 3 |  4- 6 || total
-------------------------+-------+-------++-------
Melee: Dagger            |    59 |    36 ||    95
       Constrict         |    10 |     9 ||    19
       Tentacles         |     8 |     6 ||    14
 Cast: Ensorcelled Hiber |     4 |     8 ||    12
  Use: Potion            |       |     1 ||     1
 Stab: Sleeping          |    13 |     6 ||    19
Armor: Skin              |     3 |    14 ||    17
Dodge: Dodged            |    24 |    42 ||    66

Table legend: (Time is in decaauts)
 A = Elapsed time spent in this place.
 B = Non-inter-level travel time spent in this place.
 C = Inter-level travel time spent in this place.
 D = Time resting spent in this place.
 E = Time spent auto-exploring this place.
 F = Levels seen in this place.
 G = Mean time per level.
                   A        B        C        D        E       F      G
               +--------+--------+--------+--------+--------+-----+--------+
         Total |   1940 |   1872 |     68 |    298 |   1111 |   3 |  646.7 |
       Dungeon |   1940 |   1872 |     68 |    298 |   1111 |   3 |  646.7 |
               +--------+--------+--------+--------+--------+-----+--------+

Top non-repeatable levels by time:
     D:2: 1057 daAuts
     D:1: 547 daAuts
     D:3: 336 daAuts
